Map: Scythe of Amon

Players

Nikitta

  • Race: Protoss Protoss
  • Spawn Location: 5:00

Winthrowe

  • Race: Protoss Protoss
  • Spawn Location: 5:00

VOD

Have the link to the VOD?

Description

Time

  • Played on: Aug. 17, 2017, 7:46 p.m.
  • Length: 8:32
Show
View Real Time Build Order
Export as new Build Order

Nikitta Protoss 

Build Orders:  

Get SALT Encoding   

  12  0:11  Probe (Chrono Boost)  
  13  0:21  Assimilator  
  13  0:26  Probe (Chrono Boost)  
  14  0:40  Probe (Chrono Boost)  
  15  0:56  Pylon  
  15  1:21  Probe (Chrono Boost)  
  15  1:23  Pylon  
  16  1:35  Probe (Chrono Boost)  
  17  1:40  Pylon  
  17  1:49  Probe (Chrono Boost)  
  18  1:56  Gateway  
  18  2:02  Probe (Chrono Boost)  
  19  2:15  Assimilator  
  19  2:16  Probe (Chrono Boost)  
  20  2:39  Gateway  
  20  2:52  Probe (Chrono Boost)  
  21  3:05  Probe (Chrono Boost)  
  21  3:07  Gateway  
  22  3:19  Probe (Chrono Boost)  
  23  3:30  Pylon  
  23  3:33  Probe (Chrono Boost)  
  24  3:47  Probe (Chrono Boost)  
  25  3:50  Pylon  
  25  4:01  Probe (Chrono Boost)  
  25  4:05  Zealot  
  25  4:08  Zealot  
  30  4:20  Forge  
  30  4:37  Cybernetics Core  
  30  4:42  Zealot  
  30  4:46  Zealot  
  30  4:49  Zealot  
  36  4:58  Gateway  
  36  5:20  Photon Cannon  
  36  5:27  Photon Cannon  
  36  6:01  Dragoon  
  36  6:05  Dragoon  
  36  6:09  Dragoon  
  42  6:44  Dragoon  
  42  6:48  Dragoon  
  46  6:56  Dragoon  
  48  7:05  Zealot  
Show
View Real Time Build Order
Export as new Build Order

Winthrowe Protoss 

Build Orders:  

Get SALT Encoding   

  12  0:09  Probe (Chrono Boost)  
  13  0:23  Probe (Chrono Boost)  
  14  0:49  Pylon  
  14  0:52  Assimilator  
  14  0:55  Probe (Chrono Boost)  
  14  0:59  Assimilator  
  15  1:14  Probe (Chrono Boost)  
  16  1:23  Gateway  
  16  1:38  Probe (Chrono Boost)  
  17  1:52  Probe (Chrono Boost)  
  18  2:05  Probe (Chrono Boost)  
  19  2:18  Forge  
  19  2:19  Probe (Chrono Boost)  
  20  2:33  Probe (Chrono Boost)  
  21  2:47  Probe (Chrono Boost)  
  22  2:54  Pylon  
  22  3:01  Probe (Chrono Boost)  
  23  3:19  Gateway, Probe (Chrono Boost)  
  24  3:25  Gateway  
  24  3:33  Probe (Chrono Boost)  
  24  3:38  Pylon  
  25  3:46  Probe (Chrono Boost)  
  26  3:52  Cybernetics Core  
  26  4:00  Probe (Chrono Boost)  
  27  4:14  Forge, Probe (Chrono Boost)  
  28  4:39  Gateway x2  
  28  4:51  Gateway  
  28  4:54  Probe (Chrono Boost)  
  29  5:28  Stalker x3  
  35  6:05  Warp Gate  
  35  6:29  Pylon  
  35  6:32  Pylon  
  35  6:37  Pylon  
  35  6:40  Zealot x2  
  39  7:28  Zealot  
  39  7:29  Zealot x4  
  49  7:30  Zealot  
Tags
 
Add a new tag
Caveats
  • Supply blocks, unpowered buildings, or Contaminate may cause inaccurate times.
  • Supply counts are checked every 10 seconds.